AoeStats
← Mojojoto

Arena

507776531Analyzed
3v3 RM · 12d ago on Sep 19, 2026· 45m 14s· 6 players
Game mode
Random Map
Map size
Normal (6 player)
Population
200
Speed
Normal
Resources
Standard
Victory
Conquest
Starting age
Dark Age
Ending age
Imperial Age
RankedLock teamsTeams togetherTeam positionsShared explorationLock speedFull tech treeHidden civsTurbo modeCheats
Victory
Defeat
🇨🇳 Gurjaras · China
1081
+13
🇩🇪 Franks · Germany
1000
+48
🇩🇪 Teutons · Germany
955
+18
🇬🇧 Britons · United Kingdom
1019
-16
🇻🇪 Portuguese · Venezuela
1009
-16
🇪🇸 Magyars · Spain
981
-15
eh
9:30 Feudal Age
8:14 Loom
10:23 Double-Bit Axe
13:03 Wheelbarrow
18:07 Castle Age
19:30 Horse Collar
21:26 Padded Archer Armor
21:18 Fletching
22:29 Ballistics
23:01 Crossbowman
25:56 Hand Cart
31:55 Leather Archer Armor
31:37 Bodkin Arrow
32:56 Bow Saw
33:32 Yeomen
40:42 Imperial Age
38:18 Pikeman
38:58 Squires
38:44 Arson
39:04 Scale Mail Armor
39:15 Forging
41:27 Halberdier
42:28 Arbalester
44:35 Conscription
Propios
8:00 Loom
11:01 Feudal Age
12:23 Double-Bit Axe
13:23 Horse Collar
17:50 Castle Age
16:06 Gold Mining
17:06 Stone Mining
18:19 Bloodlines
19:12 Husbandry
23:14 Heavy Plow
24:28 Wheelbarrow
24:23 Scale Barding Armor
26:43 Hand Cart
28:23 Gold Shaft Mining
28:01 Bow Saw
28:18 Corvinian Army
30:29 Murder Holes
31:29 Town Watch
32:10 Chain Barding Armor
34:55 Imperial Age
35:22 Cavalier
36:41 Ballistics
37:21 Chemistry
36:04 Treadmill Crane
36:14 Heated Shot
37:18 Elite Magyar Huszar
40:01 Paladin
40:19 Paladin
Mojojoto
10:33 Feudal Age
10:59 Horse Collar
11:06 Double-Bit Axe
13:45 Loom
16:36 Castle Age
18:55 Heavy Plow
19:08 Bow Saw
19:20 Fletching
21:55 Wheelbarrow
27:09 Imperial Age
25:48 Bodkin Arrow
26:54 Scale Mail Armor
26:19 Pikeman
28:57 Chemistry
28:16 Gold Mining
31:41 Siege Engineers
32:26 Hand Cart
34:05 Elite Organ Gun
37:26 Halberdier
38:30 Arquebus
41:08 Conscription
42:05 Padded Archer Armor
泥融飞燕子
12:09 Feudal Age
13:31 Double-Bit Axe
16:17 Castle Age
14:08 Horse Collar
17:13 Bow Saw
17:04 Heavy Plow
19:41 Gold Mining
22:58 Gold Shaft Mining
24:38 Stone Mining
25:55 Wheelbarrow
28:19 Imperial Age
26:38 Stone Shaft Mining
27:02 Scale Barding Armor
27:08 Forging
26:43 Treadmill Crane
27:59 Town Watch
29:09 Chain Barding Armor
29:25 Iron Casting
29:19 Hand Cart
28:50 Loom
29:12 Husbandry
29:23 Bloodlines
30:29 Plate Barding Armor
29:47 Fletching
31:03 Chemistry
30:06 Town Patrol
31:19 Crop Rotation
31:05 Elite Shrivamsha Rider
33:10 Ballistics
32:28 Man-at-Arms
33:47 Conscription
33:02 Heavy Camel Rider
36:43 Bodkin Arrow
36:48 Padded Archer Armor
37:41 Light Cavalry
38:48 Frontier Guards
38:04 Siege Elephant
39:44 Masonry
39:05 Hussar
40:17 Elite Skirmisher
41:20 Bracer
41:36 Leather Archer Armor
42:06 Frontier Guards
42:23 Thumb Ring
43:02 Kshatriyas
Tobi97
11:38 Feudal Age
11:58 Horse Collar
12:08 Double-Bit Axe
19:21 Castle Age
21:41 Squires
21:28 Arson
22:01 Forging
21:51 Scale Mail Armor
22:41 Wheelbarrow
22:01 Town Watch
22:02 Loom
23:00 Bow Saw
23:08 Heavy Plow
23:27 Gold Mining
26:16 Hand Cart
26:05 Town Patrol
26:52 Stone Mining
27:26 Chain Mail Armor
27:47 Iron Casting
31:14 Imperial Age
30:22 Iron Casting
31:36 Stone Shaft Mining
31:17 Elite Teutonic Knight
32:34 Hoardings
33:03 Blast Furnace
32:34 Plate Mail Armor
32:44 Crop Rotation
33:22 Two-Man Saw
38:00 Bloodlines
39:57 Cavalier
41:10 Caravan
41:40 Coinage
41:20 Guilds
Chrismann
10:57 Feudal Age
12:16 Wheelbarrow
11:32 Double-Bit Axe
14:36 Gold Mining
17:28 Stone Mining
20:03 Castle Age
21:12 Hand Cart
21:17 Fletching
22:37 Bow Saw
23:08 Gold Shaft Mining
26:24 Forging
30:09 Bodkin Arrow
34:51 Imperial Age
34:37 Iron Casting
34:08 Scale Barding Armor
34:04 Scale Mail Armor
37:25 Cavalier
38:53 Paladin
39:57 Chain Barding Armor
40:38 Blast Furnace
39:54 Chain Mail Armor
43:24 Plate Barding Armor
42:50 Padded Archer Armor
Connection lost

Rejoining the realm…

Still unreachable

The connection could not be restored.

Session expired

The server has moved on; the page needs a fresh start.